 Dungeon Crawl Stone Soup version 0.31.0-9-g3a7656b989 (console) character file.

Game seed: 5174278706840859992

603987 Noisytoot the Sorcerer (level 27, -5/162 HPs)
             Began as a Gargoyle Conjurer on Jan 30, 2024.
             Was the Champion of Vehumet.
             Killed from afar by an orb of fire (13 damage)
             ... with a fireball
             ... on level 5 of the Realm of Zot on Jan 31, 2024.
             The game lasted 08:00:21 (72659 turns).

Noisytoot the Sorcerer (Gargoyle Conjurer)         Turns: 72659, Time: 08:00:21

Health: -5/162     AC: 43    Str:  8 (16) XL:     27
Magic:  19/51      EV: 17    Int: 30 (32) God:    Vehumet [******]
Gold:   363        SH:  0    Dex: 15 (17) Spells: 1/74 levels left

rFire   + + +        h - +1 dagger {spect, rF+++ Str-2 Dex+4}
rCold   + + .        c - orb {*channel}
rNeg    + + +        u - +2 faerie dragon scales {Regen+ rCorr Str+6 Int-3 Clar}
rPois   ∞            t - +2 helmet of Dithmenos's Approval {Rampage rN+++ Will- rCorr}
rElec   +            S - +4 dragonskin cloak
rCorr   +            s - +2 pair of gloves
SInv    +            T - +3 pair of mountain boots {steadfast, rC+}
Will    ++++.        z - amulet of Nihilism {RegenMP rC+ Will++}
Stlth   +++++        Q - ring of see invisible
HPRegen 1.27/turn    o - ring of Suspected Treachery {rF+ rN+ Int+3 Dex+3}
MPRegen 0.72/turn

%: clarity, rampage, channel magic (20%)
@: swift, flying, quick
A: sickness immunity, AC +20, big wings, negative energy resistance 1,
electricity resistance, torment resistance 1, petrification resistance, thin
skeletal structure 1, deformed body, deterioration 1, frail 1, strong-willed 1,
screaming 1, inability to read after injury 2, persistent drain
}: 3/15 runes: decaying, silver, gossamer
a: Renounce Religion


You were on level 5 of the Realm of Zot.
You worshipped Vehumet.
Vehumet was exalted by your worship.
You visited 12 branches of the dungeon, and saw 52 of its levels.
You visited the Abyss 1 time.
You visited 1 bazaar.
You also visited: Trove.

You collected 7932 gold pieces.
You spent 7569 gold pieces at shops.

Inventory:

Hand Weapons
 h - the +1 dagger "Abaelirr" (weapon) {spect, rF+++ Str-2 Dex+4}
   (You found it on level 12 of the Dungeon)

   Str-2:     It affects your strength (-2).
   Dex+4:     It affects your dexterity (+4).
   rF+++:     It renders you almost immune to fire.
 y - the +7 spear "Mucuodiu" {elec, ^Drain rElec Dex+6 Stlth+}
   (You bought it in a shop on level 2 of the Orcish Mines)

   Dex+6:     It affects your dexterity (+6).
   rElec:     It insulates you from electricity.
   ^Drain:    It drains your maximum health when unequipped.
   Stlth+:    It makes you more stealthy.
 V - the +7 hand axe "Somedud" {venom, rElec MP+9}
   (You found it on level 4 of the Spider Nest)

   rElec:     It insulates you from electricity.
   MP+9:      It affects your magic capacity (+9).
Missiles
 E - 12 silver javelins
 G - 2 throwing nets
Armour
 c - an orb of energy (worn)
 s - a +2 pair of gloves (worn)
 t - the +2 helmet of Dithmenos's Approval (worn) {Rampage rN+++ Will- rCorr}
   (You bought it in a shop on level 2 of the Orcish Mines)

   rN+++:     It renders you almost immune to negative energy.
   Will-:     It decreases your willpower.
   rCorr:     It protects you from acid and corrosion.
   Rampage:   It bestows one free step when moving towards enemies.
 u - the +2 faerie dragon scales (worn) {Regen+ rCorr Str+6 Int-3 Clar}
   (You took it off the Enchantress on level 2 of the Depths)

   Str+6:     It affects your strength (+6).
   Int-3:     It affects your intelligence (-3).
   Clar:      It protects you from confusion, rage, mesmerisation and fear.
   Regen+:    It increases your rate of health regeneration.
   rCorr:     It protects you from acid and corrosion.
 S - the +4 dragonskin cloak (worn)
   (You took it off Tiamat on level 4 of the Realm of Zot)

   Avatar's Aegis: It grants the wearer a chance to resist fire, cold, poison,
   electricity, acid, and negative energy.
 T - the +3 pair of mountain boots (worn) {steadfast, rC+}
   (You acquired it on level 3 of the Vaults)

   Steadfast: It prevents involuntary movement, except for blinking,
   teleportation, or banishment.
   rC+:       It protects you from cold.
Magical Staves
 i - a staff of conjuration
 r - the staff "Fovvoowk" {rPois rN+ Int+5 Necro}
   (You found it on level 3 of the Crypt)

   [staff of death]

   Base accuracy: +5 Base damage: 5 Base attack delay: 1.2 This weapon's minimum
   attack delay (0.6) is reached at skill level 12.
   Int+5:     It affects your intelligence (+5).
   rPois:     It protects you from poison rN+: It protects you from negative
   energy.
   Necro:     It increases the power of your Necromancy spells.
   It falls into the 'Staves' category.
   It is a one-handed weapon.
Jewellery
 f - the ring "Laosit" {EV+5 Str+4 Int+5}
   (You acquired it on level 4 of the Vaults)

   [ring of evasion]

   EV+5:      It affects your evasion (+5).
   Str+4:     It affects your strength (+4).
   Int+5:     It affects your intelligence (+5).
 o - the ring of Suspected Treachery (right hand) {rF+ rN+ Int+3 Dex+3}
   (You found it on level 5 of the Lair of Beasts)

   [ring of positive energy]

   Int+3:     It affects your intelligence (+3).
   Dex+3:     It affects your dexterity (+3).
   rF+:       It protects you from fire.
   rN+:       It protects you from negative energy.
 q - the ring "Qozuse Mupte" {rF+ rC+}
   (You found it in a treasure trove)

   [ring of protection from cold]

   rF+:       It protects you from fire.
   rC+:       It protects you from cold.
 z - the amulet of Nihilism (around neck) {RegenMP rC+ Will++}
   (You bought it in a shop on level 1 of the Depths)

   [amulet of magic regeneration]

   RegenMP:   It increases your rate of magic regeneration.
   rC+:       It protects you from cold.
   Will++:    It greatly increases your willpower.
 Q - a ring of see invisible (left hand)
Wands
 a - a wand of charming (40)
 k - a wand of mindburst (31)
 w - a wand of polymorph (15)
 F - a wand of light (31)
 H - a wand of roots (88)
 L - a wand of digging (9)
 X - a wand of flame (140)
Scrolls
 b - 4 scrolls of fog
 v - 7 scrolls of blinking
 x - 23 scrolls of teleportation
 I - 8 scrolls of summoning
 K - 8 scrolls of revelation
 P - 11 scrolls of fear
Potions
 d - 7 potions of lignification
 g - 5 potions of magic
 m - 10 potions of might
 n - a potion of cancellation
 p - 10 potions of mutation
 B - 8 potions of ambrosia
 C - 8 potions of brilliance
 D - 25 potions of curing
 M - 7 potions of enlightenment
 N - 5 potions of haste
 W - 19 potions of heal wounds
 Y - 8 potions of resistance
 Z - 10 potions of invisibility
Miscellaneous
 J - a phial of floods
 O - a condenser vane
 R - a lightning rod (4/4)
 U - the horn of Geryon


   Skills:
 + Level 20.7 Fighting
 - Level 0.3 Axes
 - Level 0.4 Ranged Weapons
 + Level 5.4 Throwing
 - Level 5.0 Armour
 - Level 13.7 Dodging
 - Level 11.1 Stealth
 - Level 4.3 Shields
 + Level 24.4 Spellcasting
 - Level 23.0 Conjurations
 - Level 8.2 Summonings
 - Level 6.4 Necromancy
 - Level 6.1 Translocations
 - Level 5.4 Fire Magic
 - Level 5.0 Ice Magic
 - Level 3.3 Air Magic
 - Level 19.3 Earth Magic
 - Level 7.0 Alchemy
 - Level 7.3 Evocations


You had one spell level left.
You knew the following spells:

 Your Spells              Type           Power      Damage    Failure   Level
a - Blink                 Tloc           100%       N/A       1%          2
b - Borgnjor's Vile Clut  Necr/Erth      42%        N/A       2%          5
c - Fulminant Prism       Conj/Alch      45%        3d20      1%          4
d - Iskenderun's Mystic   Conj/Tloc      90%        2d18      1%          4
e - Lehudib's Crystal Sp  Conj/Erth      52%        10d12     1%          8
f - Stone Arrow           Conj/Erth      100%       3d13      1%          3
g - Fireball              Conj/Fire      44%        3d18      1%          5
h - Spellforged Servitor  Conj/Summ      46%        N/A       2%          7
i - Arcjolt               Conj/Air       43%        1d53      1%          5
j - Lee's Rapid Deconstr  Erth           50%        3d24*     1%          5
k - Conjure Ball Lightni  Conj/Air       43%        3x3d15    1%          6
l - Mephitic Cloud        Conj/Alch/Air  80%        N/A       1%          3
m - Freezing Cloud        Conj/Ice/Air   39%        6-21      1%          5
n - Olgreb's Toxic Radia  Alch           68%        N/A       1%          4
o - Swiftness             Air            54%        N/A       5%          3
p - Airstrike             Air            27%        2d(4-20)  3%          4

Your spell library contained the following spells:

 Spells                   Type           Power      Damage    Failure   Level
 Maxwell's Capacitive Co  Air            27%        ∞         99%         8
 Foxfire                  Conj/Fire      100%       2x1d9     1%          1
 Freeze                   Ice            100%       1d10      1%          1
 Kiss of Death            Conj/Necr      100%       2d13      1%          1
 Magic Dart               Conj           100%       1d8       1%          1
 Necrotise                Necr           100%       1d9       1%          1
 Shock                    Conj/Air       100%       1d9       1%          1
 Sting                    Conj/Alch      100%       1d9       1%          1
 Summon Small Mammal      Summ           100%       N/A       1%          1
 Call Imp                 Summ           100%       N/A       1%          2
 Lesser Beckoning         Tloc           100%       N/A       1%          2
 Mercury Vapours          Alch/Air       100%       N/A       1%          2
 Momentum Strike          Conj/Tloc      100%       3d10      1%          2
 Searing Ray              Conj           100%       2d8       1%          2
 Static Discharge         Conj/Air       100%       3-8/arc   1%          2
 Call Canine Familiar     Summ           72%        N/A       1%          3
 Dazzling Flash           Conj/Hex       100%       N/A       1%          3
 Frozen Ramparts          Ice            100%       1d16      1%          3
 Hailstorm                Conj/Ice       88%        3d14      1%          3
 Animate Armour           Summ/Erth      100%       N/A       1%          4
 Irradiate                Conj/Alch      45%        3d26      1%          5
 Iskenderun's Battlesphe  Conj           100%       2d15      1%          5
 Bombard                  Conj/Erth      52%        9d9       1%          6
 Starburst                Conj/Fire      44%        6d12      1%          6
 Orb of Destruction       Conj           54%        9d14      1%          7
 Fugue of the Fallen      Necr           66%        N/A       2%          3
 Vampiric Draining        Necr           66%        2d10      2%          3
 Ozocubu's Armour         Ice            61%        N/A       3%          3
 Ensorcelled Hibernation  Hex/Ice        100%       N/A       4%          2
 Animate Dead             Necr           66%        N/A       4%          4
 Dispel Undead            Necr           66%        3d23      4%          4
 Martyr's Knell           Necr/Summ      69%        N/A       4%          4
 Manifold Assault         Tloc           65%        N/A       5%          4
 Summon Forest            Summ/Tloc      34%        N/A       8%          5
 Eringya's Noxious Bog    Alch           34%        4d6       8%          6
 Curse of Agony           Necr           66%        N/A       10%         5
 Anguish                  Hex/Necr       27%        N/A       12%         4
 Dimensional Bullseye     Hex/Tloc       26%        N/A       12%         4
 Confusing Touch          Hex            36%        N/A       13%         3
 Sigil of Binding         Hex            36%        N/A       13%         3
 Plasma Beam              Fire/Air       29%        2x1d41    17%         6
 Summon Mana Viper        Hex/Summ       57%        N/A       19%         5
 Summon Cactus Giant      Summ           36%        N/A       19%         6
 Shatter                  Erth           50%        3d38*     22%         9
 Cause Fear               Hex            18%        N/A       30%         4
 Death Channel            Necr           33%        N/A       32%         6
 Sculpt Simulacrum        Ice/Alch       32%        N/A       36%         6
 Silence                  Hex/Air        23%        N/A       38%         5
 Ozocubu's Refrigeration  Ice            30%        4d14      50%         7
 Summon Hydra             Summ           36%        N/A       58%         7
 Haunt                    Necr/Summ      34%        N/A       71%         7
 Malign Gateway           Summ/Tloc      34%        N/A       73%         7
 Fire Storm               Conj/Fire      44%        8d11      78%         9
 Chain Lightning          Conj/Air       43%        3d57      88%         9
 Enfeeble                 Hex            18%        N/A       100%        7
 Borgnjor's Revivificati  Necr           33%        N/A       100%        8
 Discord                  Hex            18%        N/A       100%        8
 Disjunction              Tloc           32%        N/A       100%        8
 Death's Door             Necr           33%        N/A       100%        9
 Dragon's Call            Summ           36%        N/A       100%        9
 Polar Vortex             Ice            30%        12d4*     100%        9
 Sublimation of Blood     Necr           Unusable   N/A       N/A         2
 Cigotuvi's Dreadful Rot  Necr/Alch/Air  Unusable   N/A       N/A         2

Dungeon Overview and Level Annotations

Branches:
Dungeon (15/15)            Temple (1/1) D:7            Lair (5/5) D:8
  Swamp (4/4) Lair:3       Spider (4/4) Lair:2        Slime (0/5) Lair:4
    Orc (2/2) D:10            Elf (3/3) Orc:2        Vaults (5/5) D:14
  Crypt (3/3) Vaults:3       Tomb (0/3) Crypt:3      Depths (4/4) D:15
   Hell (visited)             Dis (0/7) Hell            Geh (0/7) Hell
    Coc (0/7) Hell            Tar (0/7) Hell            Zot (5/5) Depths:4

Altars:
Ashenzari
Cheibriados
Dithmenos
Elyvilon
Fedhas
Gozag
Hepliaklqana
Kikubaaqudgha
Makhleb
Nemelex Xobeh
Okawaru
Qazlal
Ru
Sif Muna
Trog
Uskayaw
Vehumet
Wu Jian
Xom
Yredelemnul
Zin
The Shining One
Jiyva
Lugonu

Shops:
D:5 *   D:13 *   Orc:1 *   Orc:2 *:*(   Elf:1 ?   Elf:3 (   Vaults:2 ?
Vaults:4 !*[*   Vaults:5 :   Depths:1 =::   Depths:4 !!

Portals:
Hell: Depths:1 Depths:2 Depths:3 Depths:4
Abyss: Lair:5 Depths:3
Pandemonium: Depths:2 Depths:3
Ziggurat: Depths:4

Annotations:
D:3 2 transporters
Depths:1 2 transporters, Ulukhit's ghost, adept TrMo


Innate Abilities, Weirdness & Mutations

You are immune to sickness and miasma.
Your stone body is resilient. (AC +20)
You are immune to poison.
Your large and strong wings let you fly.
You resist negative energy. (rN+)
You are resistant to electric shocks. (rElec)
You are resistant to unholy torment.
You are immune to petrification.
You have a somewhat thin skeletal structure. (Dex +2, Stealth+)
Armour fits poorly on your strangely shaped body.
Your body sometimes deteriorates upon taking damage.
You are frail. (-10% HP)
You are strong-willed. (Will+)
You occasionally shout uncontrollably at your foes.
You sometimes lose the ability to read scrolls when taking damage.
Your health recovers twice as slowly from being drained.


Message History

Casting: Airstrike (mildly dangerous; 3% risk of failure)
Confirm with . or Enter, or press ? or * to list all spells.
You feel quick.
You can read scrolls again.
The orb of fire glows red.
The fireball explodes!
The fireball engulfs the orb of fire.
The orb of fire completely resists.
The fireball engulfs your spellforged servitor!!
Your spellforged servitor resists.
The fireball engulfs the orb of fire.
The orb of fire completely resists.
Okay, then.
Okay, then.
Okay, then.
Blink to where?
Press: ? - help, Dir - move target, p - orb of fire
As you read the scroll of blinking, it crumbles to dust.
Blink to where?
Press: ? - help, Dir - move target A yellow draconian comes into view.
It is wielding a +2 halberd of venom.
As you read the scroll of blinking, it crumbles to dust.
Aiming: Lehudib's Crystal Spear (dangerous; 1% risk of failure)
Press: ? - help, Q - select action, (/) - cycle Shift-Dir - straight line, f - yellow draconian
Aim: a yellow draconian, wielding a +2 halberd of venom (wandering, hasn't noticed you, 82% to hit)
The crystal spear misses the yellow draconian.
The yellow draconian roars!
Your magical contamination has completely faded away.
Aiming: Lehudib's Crystal Spear (dangerous; 1% risk of failure)
Press: ? - help, Q - select action, (/) - cycle Shift-Dir - straight line, f/p - yellow draconian
Aim: a yellow draconian, wielding a +2 halberd of venom (82% to hit)
The crystal spear hits the yellow draconian!!!
The yellow draconian is severely wounded.
Magical energy flows into your mind!
You can drink potions again.
The yellow draconian spits acid at you.
The glob of acid hits you but does no damage.
The orb of fire glows red.
The bolt of fire hits you! You resist.
* * * LOW HITPOINT WARNING * * *
The orb of fire glows red.
The fireball explodes!
The fireball engulfs you! You resist.
You die...

#...# ##### #####.# ##### ###.).#
################ ########.###
##§.....^X......## #...........
#..........^.....## ##..........
..................## #.^.......[
...................# ##......^..
.....X9..9..*.^....# #..[......
.^..........*......# ##.........
...................# #..........
.......p...p..^.@^.# ##..........
...................###...........
.......X..........###)..#########
#.....^.*..)....d##....##
##......)...)).).).[.###
▓▓...).##▓▓▓▓▓▓▓▓▓▓▓#
▓▓..........*..^.▓▓▓▓
▓........*.^9.......▓##
...........^.*^.......##
.......................# ▓▓▓▓▓▓▓▓
...............^.......▓▓▓.......


You could see 2 orbs of fire, a Killer Klown, a yellow draconian (catching
breath, ally target), an Orb Guardian and a friendly spellforged servitor
(summoned).

Vanquished Creatures
  An orb of fire (Zot:5)
  Tiamat (Zot:4)
  2 ancient liches (Zot:5)
  A juggernaut (Depths:4)
  Josephina (Crypt:2)
  Boris (twice) (Depths:1 Depths:2)
  The ghost of ratatoskos the Petrodigitator, a veteran DjHW of Makhleb (Depths:3)
  7 Killer Klowns (Zot:5)
  5 curse toes
  2 caustic shrikes (Depths:3)
  Saint Roka (Vaults:1)
  5 golden dragons
  Geryon (Hell)
  Jory (Vaults:4)
  Norris (Depths:1)
  the Enchantress (Depths:2)
  A bone dragon (Depths:4)
  A shard shrike zombie (Abyss:3)
  6 tentacled monstrosities
  Mlioglotl (Spider:4)
  Rupert (Spider:1)
  10 Orb Guardians (Zot:5)
  6 liches
  3 deep elf master archers
  A tainted leviathan (Hell)
  Zenata (Vaults:1)
  4 quicksilver dragons
  2 deep elf blademasters (Elf:3)
  5 titans
  7 sphinxes
  7 tengu reavers
  3 ancient champions
  4 death cobs
  13 storm dragons
  A tentacled starspawn (Abyss:3)
  The ghost of dertzug the Brawler, an adept TrFi of Nemelex Xobeh (Swamp:4)
  3 thorn hunters
  8 shadow dragons
  3 protean progenitors
  Roxanne (Swamp:3)
  A revenant (Crypt:3)
  5 fire giants
  3 fenstrider witches (Swamp:2)
  10 frost giants
  2 draconian knights
  4 emperor scorpions
  9 deep elf sorcerers
  6 draconian shifters
  An iron dragon (Vaults:5)
  2 curse skulls
  2 draconian monks
  3 draconian scorchers (Zot:4)
  5 ghost moths
  11 vault wardens
  7 draconian annihilators
  5 reapers (Hell)
  21 stone giants
  3 orc warlords
  6 draconian stormcallers
  7 spriggan defenders
  20 ironbound preservers
  4 formless jellyfish
  2 caustic shrike skeletons (Crypt:3)
  6 eleionomae
  2 broodmothers
  4 vampire knights
  6 green draconians
  Nessos (D:14)
  10 very ugly things
  8 deep elf death magi
  A black draconian (Zot:1)
  4 ironbound thunderhulks
  8 deep elf annihilators
  5 yellow draconians
  11 deep elf demonologists
  5 spark wasps
  4 putrid mouths (Hell)
  5 war gargoyles
  Azrael (Spider:1)
  A lorocyproca (Hell)
  7 bunyips
  6 white draconians
  8 dire elephants
  2 eidola
  A spark wasp (shapeshifter) (Vaults:5)
  3 blizzard demons (Hell)
  3 purple draconians
  Snorg (D:10)
  5 red draconians
  2 mummy priests (Crypt:3)
  A merfolk impaler (Depths:1)
  12 ettins
  A quicksilver dragon zombie (D:15)
  13 yaktaur captains
  6 fire dragons
  9 great orbs of eyes
  5 jiangshi
  A shambling mangrove (Swamp:4)
  5 deep elf high priests
  2 hell beasts (Depths:3)
  4 entropy weavers
  4 ice dragons
  26 hydras
  32 vault guards
  3 ogre magi
  3 rakshasas (Depths:2)
  3 peacekeepers
  A sphinx zombie (D:15)
  Erolcha (D:10)
  4 jorogumos
  2 radroaches
  2 spriggan zombies (Depths:3)
  3 ghost crabs
  11 centaur warriors
  10 ironbound frosthearts
  5 spriggan air magi
  10 alligators
  9 boulder beetles
  A quicksilver dragon skeleton (Crypt:3)
  2 two-headed ogres
  A death knight (Crypt:1)
  6 tengu warriors
  3 vampire magi
  28 dancing weapons
  13 deep troll earth magi
  15 deep troll shamans
  2 thrashing horrors (Lair:5)
  4 death yaks (Lair:3)
  7 spriggan berserkers
  5 demonic crawlers
  2 hell hogs (Hell)
  6 orc high priests
  2 wretched stars (Abyss:3)
  6 hell knights (Depths:2)
  15 deep elf knights
  5 sun demons
  4 soul eaters
  5 iron trolls
  2 pharaoh ants
  A salamander mystic (Depths:3)
  A shadow wraith (Abyss:3)
  3 flayed ghosts
  3 glowing orange brains
  3 death drakes (Depths:3)
  10 skeletal warriors
  3 skysharks
  3 sun moths
  An obsidian statue (Depths:3)
  A spark wasp zombie (D:15)
  6 arcanists
  80 deep trolls
  A spriggan druid (Swamp:4)
  11 swamp dragons
  5 bog bodies
  A glowing orange brain (shapeshifter) (Elf:3)
  7 orb spiders
  12 goliath frogs
  Pikel (D:7)
  An anaconda skeleton (Hell)
  7 lindwurms
  18 deep elf pyromancers
  12 necromancers
  17 ironbound convokers
  12 deep elf archers
  25 deep elf zephyrmancers
  5 steelbarb worms
  A spriggan simulacrum (Crypt:3)
  4 phantasmal warriors
  8 starcursed masses
  A sphinx simulacrum (Vaults:1)
  An iron dragon zombie (Depths:3)
  17 orc knights
  A frost giant zombie (Vaults:1)
  A shadow dragon skeleton (Hell)
  A stone giant zombie (Hell)
  A cyclops (D:11)
  21 wolf spiders
  5 will-o-the-wisps
  A cyclops (shapeshifter) (Depths:3)
  2 manticores
  36 ugly things
  5 orc sorcerers
  20 moths of wrath
  6 meliai
  3 salamanders (Depths:3)
  4 large abominations
  3 centaur zombies
  3 kobold blastminers (Orc:2)
  2 rust devils
  5 black mambas
  7 elephants
  5 smoke demons
  An orange demon (D:12)
  3 molten gargoyles (Hell)
  15 vault sentinels
  An unseen horror (shapeshifter) (Lair:5)
  3 centaur skeletons
  3 gargoyles
  17 cane toads
  A titan simulacrum (Crypt:2)
  A torpor snail (Spider:2)
  2 freezing wraiths (Hell)
  A guardian mummy (Crypt:3)
  A yaktaur (shapeshifter) (Depths:2)
  3 hellions (Hell)
  12 komodo dragons
  An unseen horror (D:12)
  2 tormentors (Abyss:3)
  3 kobold demonologists
  5 tengu conjurers
  3 ancient zymes (Abyss:3)
  A minotaur skeleton (Crypt:2)
  30 yaktaurs
  2 ice devils
  4 trolls
  A harpy zombie (Crypt:1)
  A hydra zombie (Hell)
  2 yaktaur zombies
  A queen bee (D:12)
  A red devil (Hell)
  A sea snake skeleton (Hell)
  8 tyrant leeches
  5 polar bears
  14 hornets
  2 raiju (Lair:5)
  18 tarantellas
  5 dream sheep (Lair:5)
  19 jumping spiders
  28 blink frogs
  A black mamba zombie (Hell)
  10 spriggans
  2 ynoxinuls
  2 air elementals (Elf:3)
  13 culicivoras
  20 slime creatures
  11 small abominations
  10 water elementals
  6 wraiths
  59 yaks
  12 basilisks
  10 wyverns
  16 humans (D:14)
  3 ushabtiu (Crypt:3)
  Eustachio (D:4)
  9 fire elementals
  A golden eye (shapeshifter) (D:12)
  Grum (D:8)
  2 wargs (Orc:1)
  A sea snake simulacrum (Hell)
  A yaktaur simulacrum (Vaults:1)
  45 redbacks
  29 vampire mosquitoes
  3 neqoxecs
  5 chaos spawn
  A steam dragon (D:10)
  A water moccasin (shapeshifter) (Elf:1)
  14 swamp worms
  A hydra simulacrum (Hell)
  5 acid dragons
  11 water moccasins
  A glowing shapeshifter skeleton (Vaults:1)
  28 orc warriors
  5 hell hounds
  10 swamp drakes
  3 sky beasts
  2 black bears
  15 laughing skulls
  11 ogres
  6 boggarts
  15 wolves
  8 centaurs
  4 kobold brigands
  7 bullfrogs
  A wyvern zombie (Crypt:3)
  An earth elemental (Elf:2)
  4 scorpions
  A gnoll sergeant (D:9)
  A water moccasin zombie (Crypt:2)
  33 killer bees (D:12)
  2 howler monkeys
  2 electric eels
  5 hounds
  A quasit (Abyss:3)
  A gnoll bouda (D:8)
  14 orc priests
  4 jellies
  2 sleepcaps
  22 hell rats
  2 iguanas
  20 orc wizards
  A naga skeleton (Crypt:2)
  A naga zombie (Crypt:2)
  7 gnolls
  7 adders
  A white imp (D:7)
  5 ufetubi
  A ribbon worm (D:3)
  8 dart slugs
  72 orcs
  A bat skeleton (Crypt:2)
  6 endoplasms
  3 giant cockroaches
  2 goblins (D:4)
  3 hobgoblins
  2 jackals (D:2)
  3 quokkas
  7 ball pythons
  4 bats
  A frilled lizard (D:1)
  A hobgoblin skeleton (Crypt:3)
  29 kobolds
  4 rats (D:1)
  2 ball lightnings
  A butterfly (D:7)
  A fulminant prism (D:12)
  A starspawn tentacle (Abyss:3)
2053 creatures vanquished.

Vanquished Creatures (collateral kills)
  A dread lich (Zot:5)
  Mara (Vaults:5)
  An ancient lich (Vaults:5)
  Sojobo (Crypt:3)
  3 Killer Klowns (Zot:5)
  A golden dragon (Zot:3)
  2 bone dragons
  An electric golem (Zot:5)
  10 tentacled monstrosities
  11 Orb Guardians (Zot:5)
  A titan (Vaults:5)
  2 quicksilver dragons (Zot:3)
  5 ancient champions
  4 death cobs
  4 shadow dragons
  A tengu reaver (Crypt:3)
  A protean progenitor (Zot:3)
  7 storm dragons
  2 fire giants
  A draconian knight (Zot:3)
  An iron dragon (Depths:4)
  A frost giant (Depths:4)
  6 vault wardens (Vaults:5)
  2 curse skulls (Crypt:3)
  A draconian stormcaller (Zot:3)
  2 draconian scorchers
  2 ironbound preservers (Vaults:5)
  A broodmother (Zot:3)
  A vampire knight (Crypt:2)
  2 very ugly things
  2 black draconians (Zot:5)
  3 stone giants
  5 green draconians
  2 purple draconians
  A putrid mouth (Hell)
  5 red draconians
  4 white draconians
  3 yellow draconians
  A spark wasp (Depths:4)
  An eidolon (Crypt:2)
  2 jiangshi
  An ettin (Depths:4)
  A kraken zombie (Hell)
  4 yaktaur captains (Vaults:5)
  2 spriggan zombies
  A spriggan air mage (Depths:4)
  3 ice dragons
  An ogre mage (Vaults:5)
  A deep troll shaman (Depths:4)
  A death knight (Crypt:1)
  A hell hog (Hell)
  A deep troll earth mage (Depths:4)
  2 spriggans (Depths:4)
  A soul eater (Crypt:3)
  A vampire mage (Crypt:2)
  An iron giant zombie (Crypt:3)
  An iron troll (Vaults:5)
  A glowing orange brain (Depths:3)
  5 skeletal warriors
  An anaconda zombie (Hell)
  8 deep trolls
  A flayed ghost (Crypt:1)
  A spriggan simulacrum (Crypt:2)
  A sun moth (Zot:1)
  A necromancer (Crypt:1)
  A phantasmal warrior (Crypt:1)
  An anaconda skeleton (Crypt:3)
  An orc knight (Vaults:5)
  A fire giant zombie (Crypt:2)
  8 moths of wrath
  A centaur zombie (Crypt:1)
  A shock serpent zombie (Crypt:1)
  A rust devil (Hell)
  A molten gargoyle (Hell)
  A centaur skeleton (Crypt:3)
  A hellion (Hell)
  A grey draconian zombie (Crypt:1)
  3 smoke demons (Hell)
  A sea snake zombie (Hell)
  A guardian mummy (Crypt:3)
  2 freezing wraiths
  2 yaktaurs (Vaults:5)
  A pale draconian skeleton (Crypt:2)
  A hydra zombie (Hell)
  A sea snake skeleton (Crypt:3)
  A guardian serpent (shapeshifter) (Vaults:5)
  A guardian serpent zombie (Crypt:1)
  2 hornets (Depths:4)
  3 wraiths
  A merfolk skeleton (Crypt:1)
  2 water elementals (Depths:4)
  A fire bat (shapeshifter) (Depths:4)
  A glowing shapeshifter zombie (Crypt:2)
  4 laughing skulls
  A fire crab zombie (Crypt:3)
  A warg skeleton (Crypt:3)
  2 spriggan skeletons
  2 hell rats (Hell)
  A basilisk skeleton (Crypt:3)
  A hound zombie (Crypt:3)
  A jelly zombie (Crypt:1)
  16 ball lightnings
  3 tentacles (Hell)
225 creatures vanquished.

Vanquished Creatures (others)
  An ancient champion (Crypt:3)
  A storm dragon (Zot:4)
  A stone giant (Depths:1)
  A caustic shrike simulacrum (Crypt:2)
  A bunyip simulacrum (Crypt:2)
  A tyrant leech (Spider:4)
  393 ball lightnings
  16 foxfires
  241 fulminant prisms
  A spectral weapon (Zot:5)
  11 starspawn tentacles (Abyss:3)
  A tentacle (Hell)
669 creatures vanquished.

Grand Total: 2947 creatures vanquished

Notes
Turn   | Place    | Note
-------+----------+-------------------------------------------
     0 | D:1      | Noisytoot the Gargoyle Conjurer began the quest for the
                  | Orb.
     0 | D:1      | Reached XP level 1. HP: 10/10 MP: 3/3
   111 | D:1      | Found a faded altar of an unknown god.
   259 | D:1      | Reached XP level 2. HP: 6/15 MP: 0/5
   488 | D:1      | Learned a level 2 spell: Searing Ray
   792 | D:1      | Reached skill level 5 in Conjurations
   797 | D:1      | Reached XP level 3. HP: 16/19 MP: 0/6
  1511 | D:2      | Reached XP level 4. HP: 24/24 MP: 7/7
  1752 | D:3      | Found a transporter.
  1756 | D:3      | Noticed a kobold demonologist
  1779 | D:3      | Reached skill level 1 in Fighting
  1866 | D:3      | Found a transporter.
  1885 | D:3      | Identified the +0 leather armour of the Heavens {Str+5
                  | Dex+3}
  2218 | D:3      | Found a faded altar of an unknown god.
  2222 | D:3      | Found a bloodstained altar of Trog.
  2318 | D:3      | Found a hazy altar of Hepliaklqana.
  2319 | D:3      | Found a faded altar of an unknown god.
  2325 | D:3      | Reached skill level 1 in Armour
  2774 | D:4      | Reached XP level 5. HP: 29/29 MP: 8/8
  2828 | D:4      | Noticed Eustachio
  2846 | D:4      | Killed Eustachio
  2847 | D:4      | Reached skill level 1 in Shields
  2847 | D:4      | Reached XP level 6. HP: 3/35 MP: 5/10
  3241 | D:4      | Reached skill level 3 in Spellcasting
  3397 | D:4      | Noticed a black bear
  3406 | D:4      | Killed a black bear
  3771 | D:4      | Learned a level 4 spell: Fulminant Prism
  3776 | D:4      | Learned a level 4 spell: Iskenderun's Mystic Blast
  3777 | D:5      | Entered Level 5 of the Dungeon
  3845 | D:5      | Noticed an orc warrior
  3856 | D:5      | Reached XP level 7. HP: 37/40 MP: 11/11
  4185 | D:5      | Found Nihem's CLEARANCE SALE!.
  4191 | D:5      | Bought a scroll of identify for 6 gold pieces
  4191 | D:5      | Bought a scroll of amnesia for 12 gold pieces
  4446 | D:5      | Reached XP level 8. HP: 45/45 MP: 13/13
  4471 | D:5      | Reached skill level 4 in Spellcasting
  5115 | D:6      | Reached skill level 5 in Spellcasting
  5115 | D:6      | Reached skill level 1 in Alchemy
  5194 | D:6      | Reached XP level 9. HP: 50/50 MP: 16/16
  5282 | D:6      | Found an ancient bone altar of Kikubaaqudgha.
  5848 | D:7      | Noticed Pikel
  5861 | D:7      | Killed Pikel
  5862 | D:7      | Reached skill level 6 in Spellcasting
  6088 | D:7      | Found a staircase to the Ecumenical Temple.
  6122 | Temple   | Entered the Ecumenical Temple
  6147 | Temple   | Became a worshipper of Vehumet
  6476 | D:8      | Reached skill level 1 in Translocations
  6478 | D:8      | Reached XP level 10. HP: 56/56 MP: 18/20
  6736 | D:8      | Reached skill level 7 in Spellcasting
  7089 | D:8      | Reached * piety under Vehumet
  7089 | D:8      | Offered knowledge of Sandblast by Vehumet.
  7245 | D:8      | Noticed Grum
  7250 | D:8      | Killed Grum
  7314 | D:8      | Identified the serpent talisman "Ufeqegg" {rC++ Str+3
                  | Stlth-}
  7877 | D:8      | Found a staircase to the Lair.
  7959 | Lair:1   | Entered Level 1 of the Lair of Beasts
  7959 | Lair:1   | Noticed a cane toad
  7961 | Lair:1   | Noticed a cane toad
  7967 | Lair:1   | Killed a cane toad
  7971 | Lair:1   | Killed a cane toad
  7972 | Lair:1   | Reached skill level 8 in Spellcasting
  7972 | Lair:1   | Reached skill level 10 in Conjurations
  8017 | Lair:1   | Noticed a black mamba
  8029 | Lair:1   | Killed a black mamba
  8030 | Lair:1   | Reached XP level 11. HP: 52/60 MP: 21/23
  8387 | Lair:1   | Reached skill level 9 in Spellcasting
  9142 | Lair:2   | Offered knowledge of Static Discharge by Vehumet.
  9146 | Lair:2   | Reached ** piety under Vehumet
  9372 | Lair:2   | Learned a level 2 spell: Static Discharge
  9614 | Lair:2   | Reached skill level 10 in Spellcasting
 10184 | Lair:2   | Found a hole to the Spider Nest.
 10188 | Lair:2   | Noticed a wolf spider
 10192 | Lair:2   | Reached XP level 12. HP: 50/66 MP: 26/26
 10209 | Lair:2   | Offered knowledge of Momentum Strike by Vehumet.
 10824 | Lair:3   | Noticed a death yak
 10824 | Lair:3   | Noticed an eight-headed hydra
 10827 | Lair:3   | Noticed a death yak
 10830 | Lair:3   | Killed an eight-headed hydra
 10831 | Lair:3   | Reached skill level 11 in Spellcasting
 10831 | Lair:3   | Noticed a death yak
 10835 | Lair:3   | Killed a death yak
 10924 | Lair:3   | Reached *** piety under Vehumet
 10948 | Lair:3   | Reached skill level 1 in Air Magic
 10949 | Lair:3   | Offered knowledge of Stone Arrow by Vehumet.
 11393 | Lair:3   | Noticed an eight-headed hydra
 11399 | Lair:3   | Killed an eight-headed hydra
 11423 | Lair:3   | Noticed a death yak
 11431 | Lair:3   | Killed a death yak
 11443 | Lair:3   | Noticed a five-headed hydra
 11446 | Lair:3   | Killed a death yak
 11450 | Lair:3   | Killed a death yak
 11450 | Lair:3   | Killed a five-headed hydra
 11451 | Lair:3   | Reached skill level 12 in Spellcasting
 11451 | Lair:3   | Reached XP level 13. HP: 57/71 MP: 12/29
 11509 | Lair:3   | Found a staircase to the Swamp.
 11748 | Lair:3   | Reached skill level 5 in Armour
 12019 | Lair:3   | Learned a level 3 spell: Stone Arrow
 12229 | Lair:4   | Reached **** piety under Vehumet
 12433 | Lair:4   | Offered knowledge of Frozen Ramparts by Vehumet.
 12748 | Lair:4   | Found a viscous altar of Jiyva.
 12748 | Lair:4   | Found a staircase to the Slime Pits.
 13213 | D:9      | Reached skill level 1 in Earth Magic
 13317 | D:9      | Found an opulent altar of Gozag.
 13546 | D:9      | Found a shadowy altar of Dithmenos.
 13857 | D:9      | Learned a level 3 spell: Frozen Ramparts
 13858 | D:10     | Entered Level 10 of the Dungeon
 13956 | D:10     | Reached ***** piety under Vehumet
 13987 | D:10     | Found a staircase to the Orcish Mines.
 14005 | D:10     | Noticed Snorg
 14012 | D:10     | Killed Snorg
 14083 | D:10     | Offered knowledge of Irradiate by Vehumet.
 14100 | D:10     | Learned a level 5 spell: Irradiate
 14141 | D:10     | Found a sparkling altar of Nemelex Xobeh.
 14142 | D:10     | Found a white marble altar of Elyvilon.
 14143 | D:10     | Found a sacrificial altar of Ru.
 14143 | D:10     | Found a glowing golden altar of the Shining One.
 14143 | D:10     | Found a shimmering altar of Xom.
 14144 | D:10     | Found a stormy altar of Qazlal.
 14145 | D:10     | Found a glowing silver altar of Zin.
 14145 | D:10     | Found an ornate altar of the Wu Jian Council.
 14219 | D:10     | Noticed Erolcha
 14238 | D:10     | Killed Erolcha
 14239 | D:10     | Reached skill level 5 in Stealth
 14526 | D:10     | Found a burning altar of Makhleb.
 14529 | D:10     | Found a basalt altar of Yredelemnul.
 14529 | D:10     | Found a snail-covered altar of Cheibriados.
 15064 | D:11     | Reached skill level 13 in Spellcasting
 15136 | D:11     | Found a white marble altar of Elyvilon.
 15347 | D:11     | Reached skill level 15 in Conjurations
 15817 | D:12     | Reached skill level 5 in Dodging
 15857 | D:12     | Gained mutation: Your large and strong wings let you fly.
                  | [Gargoyle growth]
 15857 | D:12     | Reached XP level 14. HP: 76/76 MP: 31/31
 16284 | D:12     | Noticed a fire giant
 16298 | D:12     | Killed a fire giant
 16686 | D:12     | Offered knowledge of Arcjolt by Vehumet.
 16697 | D:11     | Learned a level 5 spell: Arcjolt
 16745 | D:12     | Reached skill level 5 in Earth Magic
 16867 | D:12     | Identified the +1 dagger "Abaelirr" {spect, rF+++ Str-2
                  | Dex+4}
 16877 | D:12     | Reached skill level 5 in Translocations
 17348 | D:13     | Found Polef's Hallowed Reliquary.
 17348 | D:13     | Noticed an angel
 17371 | D:13     | Bought a potion of heal wounds for 80 gold pieces
 17371 | D:13     | Bought a potion of curing for 48 gold pieces
 17371 | D:13     | Bought a potion of curing for 48 gold pieces
 17371 | D:13     | Bought a potion of heal wounds for 80 gold pieces
 17371 | D:13     | Bought a potion of curing for 48 gold pieces
 17371 | D:13     | Bought a potion of curing for 48 gold pieces
 17654 | D:14     | Reached skill level 14 in Spellcasting
 17805 | D:14     | Found a gate to the Vaults.
 18003 | D:14     | Noticed Nessos
 18010 | D:14     | Killed Nessos
 18149 | D:14     | Reached skill level 5 in Alchemy
 18334 | D:14     | Reached XP level 15. HP: 80/80 MP: 33/33
 18568 | D:15     | Entered Level 15 of the Dungeon
 18764 | D:15     | Offered knowledge of Lee's Rapid Deconstruction by Vehumet.
 19156 | D:15     | Reached skill level 1 in Ice Magic
 19191 | D:15     | Reached skill level 15 in Spellcasting
 19201 | D:15     | Identified the +0 ring mail of Petuph {Fly rN++}
 19310 | D:15     | Found a staircase to the Depths.
 19573 | D:15     | Learned a level 5 spell: Lee's Rapid Deconstruction
 19937 | Orc:1    | Entered Level 1 of the Orcish Mines
 19937 | Orc:1    | Found Adwomp's General Store.
 19959 | Orc:1    | Bought a scroll of identify for 24 gold pieces
 20110 | Orc:1    | You are sucked into a shaft and drop 1 floor!
 20110 | Orc:2    | Entered Level 2 of the Orcish Mines
 20121 | Orc:2    | Reached skill level 5 in Fighting
 20586 | Orc:2    | Found a staircase to the Elven Halls.
 20847 | Orc:2    | Offered knowledge of Conjure Ball Lightning by Vehumet.
 21082 | Orc:2    | Learned a level 6 spell: Conjure Ball Lightning
 21085 | Orc:2    | Found Jiynnim's General Store.
 21085 | Orc:2    | Found Abbeizxi's Antique Weapon Emporium.
 21087 | Orc:2    | Found Caemeq's Assorted Antiques.
 21087 | Orc:2    | Found Etredula's Book Boutique.
 21100 | Orc:2    | Bought a book of Vapours for 312 gold pieces
 21104 | Orc:2    | Learned a level 3 spell: Mephitic Cloud
 21109 | Orc:2    | Bought a spiked helmet for 209 gold pieces
 21109 | Orc:2    | Identified the +2 helmet of Dithmenos's Approval {Rampage
                  | rN+++ Will- rCorr} (You bought it in a shop on level 2 of
                  | the Orcish Mines)
 21119 | Orc:2    | Bought a scroll of identify for 44 gold pieces
 21120 | Orc:2    | Bought a Young Poisoner's Handbook for 240 gold pieces
 21123 | Orc:2    | Bought a scroll of identify for 22 gold pieces
 21123 | Orc:2    | Bought a potion of heal wounds for 55 gold pieces
 21443 | Lair:5   | Entered Level 5 of the Lair of Beasts
 21613 | Lair:5   | Reached XP level 16. HP: 69/88 MP: 35/35
 21786 | Lair:5   | Reached skill level 16 in Spellcasting
 22230 | Lair:5   | Reached ****** piety under Vehumet
 22325 | Lair:5   | Offered knowledge of Spellforged Servitor by Vehumet.
 22970 | Lair:5   | Reached skill level 17 in Spellcasting
 23541 | Lair:5   | Found a corrupted altar of Lugonu.
 23541 | Lair:5   | Found a one-way gate to the infinite horrors of the Abyss.
 23564 | Lair:5   | Identified the ring of Suspected Treachery {rF+ rN+ Int+3
                  | Dex+3}
 23827 | Lair:5   | Learned a level 5 spell: Freezing Cloud
 23998 | Swamp:1  | Entered Level 1 of the Swamp
 24498 | Swamp:1  | You are sucked into a shaft and drop 1 floor!
 24498 | Swamp:2  | Noticed a fenstrider witch
 24498 | Swamp:2  | Noticed a fenstrider witch
 24500 | Swamp:2  | Killed a fenstrider witch
 24505 | Swamp:2  | Killed a fenstrider witch
 24727 | Swamp:1  | Identified the +1 leather armour "Meonuir" {Harm ^Drain
                  | Regen+ Str+5}
 24810 | Swamp:1  | Reached skill level 18 in Spellcasting
 25082 | Swamp:2  | Offered knowledge of Starburst by Vehumet.
 25107 | Swamp:2  | Noticed a thorn hunter
 25353 | Swamp:2  | Killed a thorn hunter
 25362 | Swamp:2  | Reached XP level 17. HP: 66/93 MP: 39/39
 25457 | Swamp:2  | Learned a level 4 spell: Olgreb's Toxic Radiance
 25591 | Swamp:2  | Identified the +0 chain mail of the Vaults {Dex+2}
 26316 | Swamp:3  | Noticed Roxanne
 26502 | Swamp:3  | Reached skill level 19 in Spellcasting
 26573 | Swamp:3  | Identified the +5 robe of Bafoipn {Rampage rC- Will++ SInv}
 26958 | Swamp:3  | Killed Roxanne
 27030 | Swamp:4  | Entered Level 4 of the Swamp
 27030 | Swamp:4  | Found a large runed translucent door.
 27030 | Swamp:4  | Found a large runed translucent door.
 27333 | Swamp:4  | Noticed dertzug's ghost (adept TrFi)
 28062 | Swamp:4  | Got a decaying rune of Zot
 28103 | Swamp:4  | Identified a scroll of acquirement
 28315 | Swamp:4  | Killed dertzug's ghost
 28322 | Swamp:4  | Identified the ring "Zagaumaf" {Fire rElec}
 28366 | Swamp:4  | Acquired the amulet "Vucsufidgh" {Acrobat Regen+ Str+4}
 28460 | Spider:1 | Entered Level 1 of the Spider Nest
 28481 | Spider:1 | Offered knowledge of Ignition by Vehumet.
 28879 | Spider:1 | Noticed Rupert
 28883 | Spider:1 | Killed Rupert
 29259 | Spider:1 | Reached XP level 18. HP: 106/106 MP: 41/41
 29621 | Spider:1 | Noticed Azrael
 29626 | Spider:1 | Killed Azrael
 29975 | Spider:2 | Reached skill level 10 in Fighting
 30721 | Spider:2 | Reached skill level 20 in Spellcasting
 31937 | Orc:2    | Bought an agate ring for 110 gold pieces
 32390 | Spider:3 | Identified the +2 robe of the Land of Plenty {*Slow rN+++
                  | Int-3}
 33283 | Spider:4 | Entered Level 4 of the Spider Nest
 33367 | Spider:4 | Identified the +7 hand axe "Somedud" {venom, rElec MP+9}
 33722 | Spider:4 | Noticed Mlioglotl
 33731 | Spider:4 | Killed Mlioglotl
 34046 | Spider:3 | Offered knowledge of Lehudib's Crystal Spear by Vehumet.
 34046 | Spider:3 | Offered knowledge of Polar Vortex by Vehumet.
 34046 | Spider:3 | Offered knowledge of Maxwell's Capacitive Coupling by
                  | Vehumet.
 34161 | Spider:3 | Learned a level 8 spell: Lehudib's Crystal Spear
 34451 | Spider:4 | Identified the ring of Humeddig {^Contam +Blink Fly rC+}
 35078 | Spider:4 | Reached skill level 1 in Evocations
 35328 | Spider:4 | Got a gossamer rune of Zot
 35869 | Vaults:1 | Entered Level 1 of the Vaults
 36056 | Vaults:1 | Noticed Saint Roka
 36058 | Vaults:1 | Reached XP level 19. HP: 96/117 MP: 40/43
 36070 | Vaults:1 | Killed Saint Roka
 36384 | Vaults:1 | Reached skill level 10 in Earth Magic
 37708 | Vaults:1 | Noticed Zenata
 37726 | Vaults:1 | Killed Zenata
 38705 | Vaults:2 | Found Xiledo Riezi's Magic Scroll Shop.
 38710 | Vaults:2 | Bought a scroll of teleportation for 48 gold pieces
 38710 | Vaults:2 | Bought a scroll of teleportation for 48 gold pieces
 39145 | Vaults:2 | Reached skill level 21 in Spellcasting
 39435 | Vaults:2 | Identified the +1 robe "Berr" {Int+3}
 40090 | Vaults:3 | Found a staircase to the Crypt.
 40156 | Vaults:3 | Reached XP level 20. HP: 95/125 MP: 45/45
 40157 | Vaults:3 | Reached skill level 5 in Evocations
 40937 | Vaults:3 | Acquired the +3 pair of mountain boots {steadfast, rC+}
 40937 | Vaults:3 | Found the +3 pair of mountain boots {steadfast, rC+}
 41452 | Vaults:4 | Found Mushraoxa's Assorted Antiques.
 41487 | Vaults:4 | Bought a potion of heal wounds for 195 gold pieces
 41618 | Vaults:4 | Found Yxkev's Distillery.
 41623 | Vaults:4 | Found Veosempyrch's Assorted Antiques.
 41641 | Vaults:4 | Bought a potion of heal wounds for 90 gold pieces
 41641 | Vaults:4 | Bought a potion of brilliance for 72 gold pieces
 41641 | Vaults:4 | Bought 2 potions of curing for 108 gold pieces
 41696 | Vaults:4 | Found Teet's Armour Shoppe.
 41806 | Vaults:4 | Found a flickering gateway to a bazaar.
 41843 | Bazaar   | Entered a bazaar
 41877 | Bazaar   | Found Veisoib's Antique Armour Shop.
 41882 | Bazaar   | Found Vouqesik's Antique Weapon Shop.
 41893 | Bazaar   | Found Kuanleq's Antique Armour Boutique.
 41900 | Bazaar   | Found Ustraqir's Armour Shoppe.
 41917 | Bazaar   | Bought a pair of bloodstained gloves for 218 gold pieces
 41917 | Bazaar   | Identified the +0 pair of gloves of Poejaom {-Tele rCorr
                  | Str+3 Dex+4} (You bought it in a shop in a bazaar)
 41935 | Bazaar   | Bought a warped quarterstaff for 279 gold pieces
 41935 | Bazaar   | Identified the +6 quarterstaff of Due Proportion {freeze,
                  | rF+ rC++} (You bought it in a shop in a bazaar)
 41959 | Bazaar   | Bought a faintly humming ring mail for 207 gold pieces
 41959 | Bazaar   | Identified the +0 ring mail of Yredelemnul's Hope {Int+3}
                  | (You bought it in a shop in a bazaar)
 41959 | Bazaar   | Bought a glimmering ring mail for 207 gold pieces
 41959 | Bazaar   | Identified the +2 ring mail of the Volcano {Str+8 Dex-4}
                  | (You bought it in a shop in a bazaar)
 41959 | Bazaar   | Bought a shiny helmet for 172 gold pieces
 42444 | Vaults:4 | Reached XP level 21. HP: 124/132 MP: 46/46
 43015 | Vaults:4 | Noticed Jory
 43021 | Vaults:4 | Killed Jory
 43803 | Vaults:4 | Learned a level 5 spell: Borgnjor's Vile Clutch
 44026 | Elf:1    | Entered Level 1 of the Elven Halls
 44326 | Elf:1    | Learned a level 5 spell: Fireball
 44853 | Elf:1    | Found Yjehag's Magic Scroll Shoppe.
 44860 | Elf:1    | Bought 2 scrolls of amnesia for 104 gold pieces
 45262 | Elf:2    | Found a huge runed translucent gate.
 45263 | Elf:2    | Found a huge runed translucent gate.
 45263 | Elf:2    | Found a huge runed translucent gate.
 45263 | Elf:2    | Found a huge runed translucent gate.
 45264 | Elf:2    | Found a huge runed translucent gate.
 45264 | Elf:2    | Found a huge runed translucent gate.
 45265 | Elf:2    | Found a huge runed translucent gate.
 45266 | Elf:2    | Found a huge runed translucent gate.
 45266 | Elf:2    | Found a huge runed translucent gate.
 45266 | Elf:2    | Found a huge runed translucent gate.
 45267 | Elf:2    | Found a huge runed translucent gate.
 45267 | Elf:2    | Found a huge runed translucent gate.
 45267 | Elf:2    | Found a huge runed translucent gate.
 45272 | Elf:2    | Found a huge runed translucent gate.
 45276 | Elf:2    | Found a huge runed translucent gate.
 45285 | Elf:2    | Found a huge runed translucent gate.
 45285 | Elf:2    | Found a huge runed translucent gate.
 45285 | Elf:2    | Found a huge runed translucent gate.
 45288 | Elf:2    | Found a huge runed translucent gate.
 45288 | Elf:2    | Found a huge runed translucent gate.
 45288 | Elf:2    | Found a huge runed translucent gate.
 45294 | Elf:2    | Found a huge runed translucent gate.
 45296 | Elf:2    | Found a huge runed translucent gate.
 45297 | Elf:2    | Found a huge runed translucent gate.
 45298 | Elf:2    | Found a huge runed translucent gate.
 45299 | Elf:2    | Found a huge runed translucent gate.
 45300 | Elf:2    | Found a huge runed translucent gate.
 45301 | Elf:2    | Found a huge runed translucent gate.
 45302 | Elf:2    | Found a huge runed translucent gate.
 45302 | Elf:2    | Found a huge runed translucent gate.
 45307 | Elf:2    | Found a huge runed translucent gate.
 45308 | Elf:2    | Found a huge runed translucent gate.
 45308 | Elf:2    | Found a huge runed translucent gate.
 45308 | Elf:2    | Found a huge runed translucent gate.
 45308 | Elf:2    | Found a huge runed translucent gate.
 45310 | Elf:2    | Found a huge runed translucent gate.
 45371 | Elf:2    | Reached skill level 15 in Fighting
 45835 | Elf:2    | Found a huge runed translucent gate.
 45835 | Elf:2    | Found a huge runed translucent gate.
 45835 | Elf:2    | Found a huge runed translucent gate.
 45836 | Elf:2    | Found a huge runed translucent gate.
 45836 | Elf:2    | Found a huge runed translucent gate.
 47062 | Elf:3    | Entered Level 3 of the Elven Halls
 47710 | Elf:3    | Reached XP level 22. HP: 140/140 MP: 24/47
 47938 | Abyss:3  | Cast into level 3 of the Abyss (a deep elf sorcerer)
 48123 | Abyss:3  | Gained mutation: You occasionally lose the ability to drink
                  | potions when taking damage. [a neqoxec]
 48129 | Abyss:3  | Reached skill level 22 in Spellcasting
 48186 | Abyss:3  | Found a corrupted altar of Lugonu.
 48200 | Abyss:3  | Found a corrupted altar of Lugonu.
 48341 | Elf:3    | Escaped the Abyss
 48788 | D:12     | Lost mutation: You occasionally lose the ability to drink
                  | potions when taking damage. [potion of mutation]
 48788 | D:12     | Gained mutation: You have a somewhat thin skeletal
                  | structure. (Dex +2, Stealth+) [potion of mutation]
 48788 | D:12     | Gained mutation: You are strong-willed. (Will+) [potion of
                  | mutation]
 49157 | Elf:3    | Identified the +0 robe of the Dice {rPois Regen+ Str-3}
 49498 | Elf:3    | Got the Guidebook on Conflagrant Ouranomancy
 49737 | Elf:3    | Found Kouzxir's Weapon Boutique.
 49741 | Elf:3    | Reached skill level 10 in Dodging
 50077 | Depths:1 | Entered Level 1 of the Depths
 50104 | Depths:1 | Noticed Boris
 50119 | Depths:1 | Killed Boris
 50494 | Depths:1 | Found a gateway to Hell.
 50508 | Depths:1 | Noticed Norris
 50518 | Depths:1 | Killed Norris
 50528 | Depths:1 | Reached skill level 15 in Earth Magic
 50679 | Depths:1 | Identified the +4 giant club of Nuagit {heavy, rF- Will-
                  | rCorr SInv}
 50680 | Depths:1 | Noticed Ulukhit's ghost (adept TrMo)
 50680 | Depths:1 | Identified the +7 great mace of the Vestibule of Hell
                  | {freeze, rF++ Str+4 Dex-5}
 50681 | Depths:1 | Found a transporter.
 50685 | Depths:1 | Found a transporter.
 50728 | Depths:1 | Found Saeziliwk's Jewellery Boutique.
 50728 | Depths:1 | Found Hoewn's Book Shoppe.
 50729 | Depths:1 | Found Jestrymi's Book Shoppe.
 50747 | Depths:1 | Bought the amulet of Nihilism {RegenMP rC+ Will++} for 870
                  | gold pieces
 50848 | Depths:1 | Found a stormy altar of Qazlal.
 50993 | Depths:2 | Noticed Boris
 51306 | Depths:2 | Found a one-way gate leading to the halls of Pandemonium.
 51464 | Depths:2 | Killed Boris
 51627 | Depths:2 | Found a radiant altar of Vehumet.
 51627 | Depths:2 | Noticed the Enchantress
 51647 | Depths:2 | Killed the Enchantress
 51648 | Depths:2 | Reached XP level 23. HP: 87/148 MP: 17/49
 51651 | Depths:2 | Identified the +3 dire flail of Execwieff {freeze, rF+}
 51651 | Depths:2 | Identified the ring of Emmethont {Wiz rF++ rC- Int+4}
 51752 | Depths:2 | Got the Atlas of the Comitatus
 52148 | Depths:2 | Noticed a golden dragon
 52264 | Depths:2 | Killed a golden dragon
 52853 | Depths:2 | Acquired the ring "Laosit" {EV+5 Str+4 Int+5}
 53220 | Depths:3 | Found a runed translucent gate.
 53221 | Depths:3 | Found a runed translucent gate.
 53221 | Depths:3 | Found an opulent altar of Gozag.
 53222 | Depths:3 | Found a runed translucent gate.
 53231 | Depths:3 | Noticed a caustic shrike
 53233 | Depths:3 | Noticed ratatoskos's ghost (veteran DjHW)
 53386 | Depths:3 | Found a portal to a secret trove of treasure.
 54546 | Depths:3 | You paid a toll of a +6 demon blade to enter a treasure
                  | trove
 54547 | Trove    | Entered a treasure trove
 54551 | Trove    | Found the brooch of Shielding {Spirit SH+8}
 54574 | Trove    | Identified the ring of Ricateno {rElec rC+ Will+ Slay+4}
 54582 | Trove    | Identified the amulet "Ugayp" {Acrobat MP+9 Int+3}
 54584 | Trove    | Identified the ring "Qozuse Mupte" {rF+ rC+}
 54586 | Trove    | Identified the ring "Wittuf" {rPois EV+5 Int+2}
 55334 | D:14     | Learned a level 7 spell: Spellforged Servitor
 56232 | Depths:3 | Noticed a golden dragon
 56240 | Depths:3 | Killed a golden dragon
 56241 | Depths:3 | Reached skill level 1 in Summonings
 56330 | Depths:3 | Noticed a caustic shrike
 56331 | Depths:4 | Entered Level 4 of the Depths
 56376 | Depths:4 | Found a one-way gateway to a ziggurat.
 56568 | Depths:4 | Found Rysaeq's Distillery.
 56653 | Depths:4 | Found Tunt's Distillery.
 56655 | Depths:4 | Bought a potion of magic for 160 gold pieces
 56655 | Depths:4 | Bought a potion of heal wounds for 100 gold pieces
 56655 | Depths:4 | Bought a potion of brilliance for 80 gold pieces
 56655 | Depths:4 | Bought a potion of invisibility for 160 gold pieces
 56655 | Depths:4 | Bought a potion of invisibility for 160 gold pieces
 56661 | Depths:4 | Bought a potion of magic for 160 gold pieces
 56661 | Depths:4 | Bought a potion of curing for 60 gold pieces
 56683 | Depths:4 | Reached XP level 24. HP: 156/156 MP: 49/49
 56687 | Depths:4 | Noticed a juggernaut
 56698 | Depths:4 | Killed a juggernaut
 56922 | Depths:4 | Found a gate to the Realm of Zot.
 56926 | Depths:4 | Acquired a book of Air
 56932 | Depths:4 | Learned a level 3 spell: Swiftness
 57090 | Depths:4 | Reached skill level 23 in Spellcasting
 57279 | Depths:3 | Killed a caustic shrike
 57404 | Depths:3 | Killed ratatoskos's ghost
 57678 | Crypt:1  | Entered Level 1 of the Crypt
 58104 | Crypt:1  | Identified the ring "Lamnuf" {Ice Fly rElec Will++}
 59268 | Lair:2   | Learned a level 2 spell: Blink
 59710 | Crypt:2  | Identified the ring of Joommew {Ice Stlth+}
 59710 | Crypt:2  | Noticed Josephina
 59718 | Crypt:2  | Killed Josephina
 59719 | Crypt:2  | Reached skill level 1 in Fire Magic
 60360 | Crypt:2  | Found a burning altar of Makhleb.
 60374 | Crypt:2  | Found a glowing golden altar of the Shining One.
 60784 | Crypt:2  | Reached skill level 1 in Necromancy
 60910 | Crypt:3  | Entered Level 3 of the Crypt
 61276 | Crypt:3  | Found a staircase to the Tomb.
 61696 | Crypt:3  | Noticed Sojobo
 61705 | Crypt:3  | Paralysed by an air elemental for 1 turns
 61717 | Crypt:3  | Paralysed by an air elemental for 1 turns
 61727 | Crypt:3  | Paralysed by an air elemental for 1 turns
 61731 | Crypt:3  | Paralysed by an air elemental for 1 turns
 61734 | Crypt:3  | Killed Sojobo
 61982 | Crypt:3  | Found an ancient bone altar of Kikubaaqudgha.
 61987 | Crypt:3  | Noticed a curse toe
 62223 | Crypt:3  | Killed a curse toe
 62224 | Crypt:3  | Reached XP level 25. HP: 141/164 MP: 41/50
 62269 | Crypt:3  | Found a basalt altar of Yredelemnul.
 62279 | Crypt:3  | Identified the staff "Fovvoowk" {rPois rN+ Int+5 Necro}
 62280 | Crypt:3  | Identified the +2 war axe "Meushres" {freeze, *Noise rN+++
                  | rCorr Dex-5}
 62328 | Crypt:3  | Identified the +4 dagger of the Coward {flame, rCorr Int-4
                  | Dex+3}
 62331 | Crypt:3  | Identified the amulet of Immit {Acrobat Str+2 Int+3}
 62415 | Crypt:3  | Found the +13 scythe of Curses {drain, curses, ^Drain}
 62419 | Crypt:3  | Got the Tractate on Power
 62428 | Crypt:3  | Identified the ring of Virtue {Ice rElec}
 62769 | Vaults:5 | Entered Level 5 of the Vaults
 62774 | Vaults:5 | Reached skill level 5 in Summonings
 62801 | Vaults:5 | Noticed Mara
 62804 | Vaults:5 | Noticed Noisytoot's illusion
 63249 | Vaults:5 | Identified the staff "Cioqual" {rPois rF- Dex+2 SInv Earth}
 63308 | Vaults:5 | Found Misua's Book Shoppe.
 63443 | Vaults:5 | Reached skill level 5 in Fire Magic
 63651 | Vaults:5 | Killed Mara
 63738 | Vaults:5 | Identified the +3 great sword "Qonnaec" {antimagic, rC+
                  | Will+}
 63859 | Vaults:5 | Got a silver rune of Zot
 64069 | Vaults:5 | Noticed an ancient lich
 64081 | Vaults:5 | Killed an ancient lich
 64365 | Vaults:5 | Found the +4 Cigotuvi's embrace {Corpsefed rMiasma ^Drain
                  | rN+}
 64875 | Zot:1    | Entered Level 1 of the Realm of Zot
 65020 | Zot:1    | Reached XP level 26. HP: 170/170 MP: 50/50
 66056 | Zot:2    | Reached skill level 5 in Necromancy
 66726 | Zot:3    | Identified the +1 chain mail of Taydeh {rF- Will+ Int+7}
 67446 | Zot:4    | Found the +4 dragonskin cloak
 67446 | Zot:4    | Noticed Tiamat
 67455 | Zot:4    | Reached skill level 10 in Stealth
 67657 | Zot:4    | Killed Tiamat
 68640 | Hell     | Entered the Vestibule of Hell
 68641 | Hell     | Noticed Geryon
 68649 | Hell     | Killed Geryon
 68714 | Hell     | Reached XP level 27. HP: 151/177 MP: 50/50
 69085 | Hell     | Found a gateway to the ashen valley of Gehenna.
 69166 | Hell     | Found a gateway to the decaying netherworld of Tartarus.
 69283 | Hell     | Found a gateway to the freezing wastes of Cocytus.
 69369 | Hell     | Found a gateway to the Iron City of Dis.
 69588 | Zot:5    | Entered Level 5 of the Realm of Zot
 69760 | Zot:5    | Learned a level 4 spell: Airstrike
 70064 | Zot:5    | Reached skill level 5 in Ice Magic
 70209 | Zot:5    | Noticed an ancient lich
 70220 | Zot:5    | Killed an ancient lich
 70502 | Depths:3 | Reached skill level 24 in Spellcasting
 70595 | D:13     | Bought 4 silver javelins for 576 gold pieces
 70694 | Orc:1    | Bought a scroll of teleportation for 36 gold pieces
 70694 | Orc:1    | Bought a potion of lignification for 36 gold pieces
 70763 | Orc:2    | Bought 6 silver javelins for 594 gold pieces
 70763 | Orc:2    | Bought a potion of enlightenment for 55 gold pieces
 70767 | Orc:2    | Bought 2 potions of might for 88 gold pieces
 70770 | Orc:2    | Bought a potion of invisibility for 176 gold pieces
 70772 | Orc:2    | Bought an ichor-stained spear for 264 gold pieces
 70772 | Orc:2    | Identified the +7 spear "Mucuodiu" {elec, ^Drain rElec
                  | Dex+6 Stlth+} (You bought it in a shop on level 2 of the
                  | Orcish Mines)
 71556 | Depths:4 | Bought a potion of haste for 200 gold pieces
 71556 | Depths:4 | Bought a potion of mutation for 160 gold pieces
 71556 | Depths:4 | Bought a potion of invisibility for 160 gold pieces
 71556 | Depths:4 | Bought a potion of might for 80 gold pieces
 71556 | Depths:4 | Bought a potion of brilliance for 80 gold pieces
 71562 | Depths:4 | Bought a potion of enlightenment for 100 gold pieces
 71562 | Depths:4 | Bought a potion of might for 80 gold pieces
 71744 | Zot:5    | Reached skill level 1 in Throwing
 72173 | Zot:5    | Gained mutation: Armour fits poorly on your strangely
                  | shaped body. [mutagenic glow]
 72189 | Zot:5    | Gained mutation: Your health recovers twice as slowly from
                  | being drained. [mutagenic glow]
 72201 | Zot:5    | Gained mutation: You occasionally lose the ability to read
                  | scrolls when taking damage. [mutagenic glow]
 72209 | Zot:5    | Gained mutation: You are frail. (-10% HP) [mutagenic glow]
 72225 | Zot:5    | Gained mutation: You occasionally shout uncontrollably at
                  | your foes. [mutagenic glow]
 72359 | Zot:5    | Noticed an ancient lich
 72430 | Zot:5    | Noticed an orb of fire
 72435 | Zot:5    | Killed an orb of fire
 72495 | Zot:5    | Noticed a dread lich
 72504 | Zot:5    | Killed a dread lich
 72580 | Zot:5    | Reached skill level 5 in Throwing
 72610 | Zot:5    | Noticed an orb of fire
 72619 | Zot:5    | Killed an ancient lich
 72627 | Zot:5    | Noticed an orb of fire
 72627 | Zot:5    | Gained mutation: You sometimes lose the ability to read
                  | scrolls when taking damage. [an orb of fire]
 72631 | Zot:5    | Noticed an orb of fire
 72644 | Zot:5    | Gained mutation: Your body sometimes deteriorates upon
                  | taking damage. [an orb of fire]
 72659 | Zot:5    | HP: 8/162 [orb of fire/bolt of fire (12)]
 72659 | Zot:5    | Killed from afar by an orb of fire

Illustrated notes

Levels and vault maps discovered:
D:1:      saegor_arrival_simple_e, layout_basic,
          ebering_ecumenical_altar_petrified
D:2:      layout_basic, small_statue_intersection
D:3:      gammafunk_wand_slinger, layout_basic,
          nicolae_overflow_ecumenical_swirl,
          beargit_hepliaklqana_dungeon_heroes, nicolae_the_louvre
D:4:      layout_cave_pods, kennysheep_generic_room_11, uniq_eustachio
D:5:      layout_basic, fountainhead, corner_web_ring, nicolae_shop_clearance
D:6:      layout_loops_ring, amcnicky_altar_gilded, minmay_misc_feat_tiny,
          grunt_ministairs_6
D:7:      layout_basic, minmay_temple_entry_butterflies, uniq_pikel
D:8:      layout_gridville, erik_lair_dragon, uniq_grum
D:9:      layout_cave_pods, nicolae_gozag_seed_capital,
          mainiacjoe_overflow_alcove_4
D:10:     layout_irregular_city, nicolae_overflows_in_rows, orc_0_dummy,
          uniq_erolcha, uniq_snorg
D:11:     layout_loops_corners, nicolae_elyvilon_peaceful_grove
D:12:     regret_index_combs_of_tragedy, layout_irregular_city,
          nicolae_neqoxec_dot_bat
D:13:     layout_rooms, hangedman_abyss_or_decor_clamps, nicolae_good_shop
D:14:     layout_small_grid, grunt_vaults_entry_tiered, special_room
          [special_room_orc], uniq_nessos
D:15:     gammafunk_depths_entry_grave, layout_loops_ring,
          minmay_misc_feat_tower
Temple:   hellmonk_temple_beads
Lair:1:   layout_cave_pods, grunt_megastairs_1
Lair:2:   layout_layer_cave, spider_nest_entry_rubble, beast_lair_carwin_1
Lair:3:   layout_regular_city, swamp_mist
Lair:4:   layout_roguey, slime_entry_1
Lair:5:   hellmonk_lair_end_abyssal_woods, layout_cave_pods,
          dreamdust_mushroom_princess, grunt_forest_small_clearings,
          chequers_serial_rivers_large_a, cheibrodos_lair_lostbears
Swamp:1:  layout_falls_marsh, serial_swamp_ruin, evilmike_swamp_ruin_house_6,
          evilmike_swamp_ruin_rubble_2, evilmike_swamp_ruin_house_2,
          swamp_pool_3
Swamp:2:  layout_basic_swamp, evilmike_swamp_ruin_house_1,
          nicolae_swamp_long_stream
Swamp:3:  layout_falls_marsh, nicolae_swamp_little_swirl, swamp_pool_1_2,
          uniq_roxanne
Swamp:4:  swamp_basic_johnstein, layout_basic_swamp, ebering_ghost_disaster_area
Spider:1: layout_spider_delve, uniq_rupert, uniq_azrael
Spider:2: layout_spider_delve
Spider:3: layout_spider_delve, hangedman_spider_tarantella_strand
Spider:4: spider_rune_water, nicolae_spider_swamp_cousins, uniq_mlioglotl
Orc:1:    layout_caves, serial_shops, shop, kennysheep_orc_chapel
Orc:2:    grunt_orc_tribal_feast, layout_caves, basic_altar
Elf:1:    layout_gridlike, serial_shops, shop, kennysheep_underground_church,
          nicolae_elf_stone_circles, st_stairs_14
Elf:2:    elven_hall_of_blades_hangedman_alternative
          [nicolae_blade_entry_area_security], layout_loops_cross, door_vault
Elf:3:    elf_hall_gauntlet_narrow, layout_gridlike, serial_shops, shop
Vaults:1: infiniplex_enter_wizlab_glasses, nicolae_vaults_arrows,
          nicolae_vaults_network_star, nicolae_vaults_house_3,
          vaults_mumra_chevron_long, vaults_room_fours,
          nicolae_vaults_circle_grid_b, v_alt_pattern_4,
          nicolae_vaults_sealed_display, grunt_vaults_hallway_short,
          layout_vaults_big_cross, uniq_saint_roka, uniq_zenata
Vaults:2: vaults_mumra_lcd, nicolae_vaults_frosty_reception, vaults_dpeg_cross,
          hangedman_vaults_maws, layout_vaults_big_room, serial_shops, shop
Vaults:3: v_misc_28, nicolae_vaults_weapon_check,
          minmay_crypt_entry_simple_plaza, v_pattern_2,
          nicolae_vaults_more_shelving_2, v_alt_pattern_3,
          vaults_standard_mumra_lines, nicolae_vaults_mini_display_case,
          nicolae_vaults_trapezoid_1, vaults_room_hallway,
          nicolae_vaults_tangram_1, layout_vaults_omnibox
Vaults:4: nicolae_vaults_what_the_h, hangedman_vaults_hat,
          nicolae_vaults_cochlea, hangedman_vaults_locks,
          nicolae_vaults_murder_corner, v_misc_22, nicolae_vaults_wrenched,
          v_rooms_2, nicolae_vaults_trapezoid_lopsided_1, v_misc_19,
          v_pattern_4, layout_vaults_ring, serial_shops, bzr_entry_safe, shop,
          shop, nicolae_square_shop, nicolae_shop_back_alley_shop, uniq_jory
Vaults:5: uniq_mara
Crypt:1:  layout_basic, serial_sigils_hangedman_quiver,
          grunt_crypt_arrival_split
Crypt:2:  layout_gridlike, nzn_life_drinkers, uniq_josephina
Crypt:3:  lightli_unholy_cathedral, layout_chaotic_city,
          tomb_entry_forgotten_bobbens, st_shrine_of_skulls, uniq_sojobo,
          uniq_grunn
Depths:1: layout_basic, pf_coc_iceberg, gammafunk_ghost_smash,
          nicolae_qazlal_style_of_elements, minmay_shop_grove,
          serial_bayou_shore_b, uniq_boris, uniq_norris
Depths:2: grunt_forest_end_shrine, layout_cave_pools, pan_entry,
          chequers_serial_rivers_small_a, pf_hell_entry_great_geh
Depths:3: lemuel_castle_with_subvaults [lemuel_castle_interior_carwin_1],
          layout_basic, ebering_ghost_gozag, nicolae_trove_entry_crystal,
          grunt_hell_entry_dis_old, nicolae_tricolors,
          hangedman_abyss_entry_splay, rand_demon_pan_entry_3,
          grunt_decor_junction, grunt_ministairs_9, minmay_misc_feat_diagonals
Depths:4: grunt_zot_entry_tricorne, layout_gridville, enter_ziggurat_a,
          hell_entry, amcnicky_mini_pool_small, kennysheep_random_hallway,
          minmay_shoptagon
Hell
Zot:1:    layout_onion_interference, hangedman_zot_diagonal_lockstep
Zot:2:    layout_onion, skrybe_zot_glass_3, grunt_megastairs_2
Zot:3:    layout_misc_corridors, hangedman_zot_decor_unnerving_road,
          grunt_megastairs_3
Zot:4:    layout_misc_corridors, uniq_tiamat
Zot:5:    layout_misc_corridors

Skill      XL: |  1  2  3  4  5  6  7  8  9 10 11 12 13 14 15 16 17 18 19 20 21 22 23 24 25 26 27 |
---------------+----------------------------------------------------------------------------------+-----
Conjurations   | 5 6 7 8 10 12 14 15 16 17 18 19 20 21 22 23 | 23.0
Fighting       | 1 2 3 4 5 9 12 13 14 15 16 17 18 19 20 | 20.7
Armour         | 1 2 3 4 5 |  5.0
Dodging        | 2 3 4 5 6 8 9 10 11 12 13 | 13.7
Stealth        | 3 4 5 6 8 10 11 | 11.1
Shields        | 1 2 4 |  4.3
Spellcasting   | 3 5 6 8 10 12 13 14 15 18 19 20 21 22 23 24 | 24.4
Alchemy        | 1 2 4 5 6 7 |  7.0
Translocations | 1 2 4 5 6 |  6.1
Air Magic      | 1 2 3 |  3.3
Earth Magic    | 4 6 8 9 11 12 14 15 16 17 18 19 | 19.3
Ice Magic      | 1 2 4 5 |  5.0
Evocations     | 2 4 6 7 |  7.3
Summonings     | 1 4 6 7 8 |  8.2
Fire Magic     | 3 5 |  5.4
Necromancy     | 2 4 6 |  6.4
Throwing       | 5 |  5.4
Axes           | |  0.3
Ranged Weapons | |  0.4

Action                     |  1- 3 |  4- 6 |  7- 9 | 10-12 | 13-15 | 16-18 | 19-21 | 22-24 | 25-27 || total
---------------------------+-------+-------+-------+-------+-------+-------+-------+-------+-------++-------
  Melee: Hand axe          |     8 |     2 |       |       |       |     1 |     4 |     6 |       ||    21
         Trident           |       |       |     1 |       |       |       |       |       |       ||     1
         Staff             |       |       |       |       |     5 |    11 |       |       |       ||    16
         Dagger            |       |       |       |       |       |       |       |       |     1 ||     1
   Fire: Sling             |     4 |       |       |       |       |       |       |       |       ||     4
   Cast: Magic Dart        |    27 |    18 |       |       |       |       |       |       |       ||    45
         Searing Ray       |    11 |    37 |    54 |    62 |     5 |     1 |       |       |       ||   170
         Fulminant Prism   |       |       |    11 |    79 |   107 |     6 |    23 |     7 |     9 ||   242
         Iskenderun's Myst |       |       |     2 |    85 |   169 |   226 |   233 |   210 |   111 ||  1036
         Static Discharge  |       |       |       |    17 |     5 |       |       |       |       ||    22
         Stone Arrow       |       |       |       |       |   338 |   251 |   168 |    62 |       ||   819
         Frozen Ramparts   |       |       |       |       |     4 |       |       |       |       ||     4
         Irradiate         |       |       |       |       |     2 |     1 |       |       |       ||     3
         Arcjolt           |       |       |       |       |    12 |     6 |     6 |    18 |    10 ||    52
         Lee's Rapid Decon |       |       |       |       |    38 |    54 |   161 |    99 |    32 ||   384
         Conjure Ball Ligh |       |       |       |       |     8 |    92 |    50 |    12 |    13 ||   175
         Mephitic Cloud    |       |       |       |       |     1 |     4 |    15 |     5 |     3 ||    28
         Freezing Cloud    |       |       |       |       |       |   126 |    59 |    20 |    15 ||   220
         Olgreb's Toxic Ra |       |       |       |       |       |    54 |    15 |    11 |    47 ||   127
         Lehudib's Crystal |       |       |       |       |       |     6 |    63 |   242 |   228 ||   539
         Fireball          |       |       |       |       |       |       |    23 |    84 |    13 ||   120
         Borgnjor's Vile C |       |       |       |       |       |       |     4 |    69 |    61 ||   134
         Spellforged Servi |       |       |       |       |       |       |       |    69 |   132 ||   201
         Blink             |       |       |       |       |       |       |       |     1 |     5 ||     6
         Swiftness         |       |       |       |       |       |       |       |     1 |     5 ||     6
         Airstrike         |       |       |       |       |       |       |       |       |     4 ||     4
Ability: Evoke Blink       |       |       |       |       |       |       |       |     2 |       ||     2
    Use: Scroll            |       |       |     6 |     2 |    21 |     5 |     5 |    15 |     7 ||    61
         Potion            |       |       |       |       |     2 |     1 |     1 |    10 |     7 ||    21
 Armour: Robe              |    20 |     3 |       |       |   141 |   369 |   253 |   128 |       ||   914
         Leather armour    |       |    17 |    37 |    83 |    32 |       |       |       |       ||   169
         Troll leather arm |       |       |       |       |     4 |       |       |       |       ||     4
         Acid dragon scale |       |       |       |       |       |       |       |   202 |   309 ||   511
  Dodge: Dodged            |    25 |    23 |    31 |    56 |    90 |   228 |   121 |   196 |   207 ||   977
         Repelled          |       |       |       |       |       |       |       |     7 |     9 ||    16
  Block: Kite shield       |       |    21 |    18 |       |       |       |       |       |       ||    39
